 Dungeon Crawl Stone Soup version 0.29-a0-11-ga75d3d97ab (webtiles) character file.

Game seed: 15043918554538209914

8608 enile the Fighter (level 11, -1/143 HPs)
             Began as an Ogre Air Elementalist on Jan 28, 2022.
             Was a Follower of Trog.
             Slain by a komodo dragon (30 damage)
             ... on level 1 of the Lair of Beasts.
             The game lasted 00:32:56 (16911 turns).

enile the Fighter (Ogre Air Elementalist)          Turns: 16911, Time: 00:32:56

Health: -1/143     AC:  6    Str: 16    XL:     11   Next: 33%
Magic:  14/14      EV: 10    Int: 16    God:    Trog [*.....]
Gold:   499        SH:  0    Dex: 11    Spells: 13/14 levels left

rFire   . . .      SeeInvis .   B - +0 giant spiked club
rCold   + . .      Faith    .   (shield currently unavailable)
rNeg    + . .      Spirit   .   L - +1 troll leather armour
rPois   .          Reflect  .   (helmet restricted)
rElec   .          Harm     .   r - scarf {shadows}
rCorr   .          Rampage  .   (gloves unavailable)
Will    +....                   (boots unavailable)
Stlth   ++........              (no amulet)
HPRegen 1.13/turn               G - +4 ring of slaying
MPRegen 0.14/turn               M - ring of positive energy

@: no status effects
A: large, unfitting armour, tough skin 1, cold resistance 1, robust 1
a: Renounce Religion, Berserk


You were on level 1 of the Lair of Beasts.
You worshipped Trog.
Trog was aware of your devotion.
You visited 2 branches of the dungeon, and saw 11 of its levels.
You also visited: Ossuary.

You collected 499 gold pieces.

Inventory:

Hand Weapons
 c - a +2 vorpal flail
 e - a +6 vorpal spear
 p - a +5 spear
 t - a +4 spear
 B - a +0 giant spiked club (weapon)
 C - a +1 vorpal war axe
 K - a +2 scimitar of flaming
 N - a +1 vampiric spear
Missiles
 b - 8 boomerangs
 F - 2 poisoned darts (quivered)
 P - 6 silver boomerangs
Armour
 a - a +0 robe
 f - a +1 pair of gloves
 i - a +0 scale mail
 r - a scarf of shadows (worn)
 u - a +0 buckler
 L - a +1 troll leather armour (worn)
Jewellery
 q - a +6 ring of intelligence
 s - a ring of magical power
 G - a +4 ring of slaying (left hand)
 M - a ring of positive energy (right hand)
Wands
 E - a wand of flame (25)
 H - a wand of iceblast (10)
 J - a wand of polymorph (2)
Scrolls
 d - 6 scrolls of fog
 h - a scroll of torment
 k - a scroll of vulnerability
 l - 2 scrolls of magic mapping
 m - 2 scrolls of immolation
 n - a scroll of blinking
 o - a scroll of identify
 y - a scroll of holy word
 A - a scroll of amnesia
Potions
 g - a potion of haste
 j - a potion of lignification
 v - 2 potions of flight
 w - 3 potions of heal wounds
 x - a potion of might
 z - a potion of magic
 D - a potion of berserk rage {unknown}
 I - 2 potions of attraction {unknown}
 O - a potion of cancellation {unknown}


   Skills:
 - Level 14.0 Fighting
 - Level 7.0 Maces & Flails
 - Level 7.0 Polearms
 - Level 3.0 Throwing
 + Level 3.3 Armour
 - Level 3.0 Dodging
 - Level 4.0 Stealth
 - Level 2.4 Spellcasting
 - Level 0.8 Conjurations
 - Level 2.6 Air Magic
 - Level 3.0 Evocations


You had 13 spell levels left.
You knew the following spells:

 Your Spells              Type           Power      Damage    Failure   Level
a - Shock                 Conj/Air       28%        1d4       12%         1

Your spell library contained the following spells:

 Spells                   Type           Power      Damage    Failure   Level
 Static Discharge         Conj/Air       7%         N/A       17%         2
 Swiftness                Air            10%        N/A       24%         3
 Airstrike                Air            5%         N/A       61%         4


Dungeon Overview and Level Annotations

Branches:
Dungeon (10/15)            Temple (0/1) D:7            Lair (1/6) D:10
Ossuary (visited)
    Orc: D:9-12

Altars:
Dithmenos
Fedhas
Hepliaklqana
Kikubaaqudgha
Nemelex Xobeh
Okawaru
Ru
Sif Muna
Trog
Wu Jian
Xom
Zin

Shops:
D:6 =   D:10 (

Annotations:
D:7 Grum
D:8 4 runed translucent doors, TrogsFancyHat's ghost, novice OpEE
D:9 exclusion: two-headed ogre
Lair:1 exclusion: oklob plant


Innate Abilities, Weirdness & Mutations

You are too large for most types of armour.
You have tough skin. (AC +1)
Your flesh is cold resistant. (rC+)
You are robust. (+10% HP)


Message History

You feel sick.
You feel sick.
You feel sick.
You are no longer poisoned.
You see here a water moccasin corpse.
Found 23 stones.
You now have 499 gold pieces (gained 12).
Found a mace.
I - 2 smoky coppery potions (gained 1)
Found a glowing dagger.
Found a shadowy altar of Dithmenos.
o - a scroll of identify An oklob plant comes into view.
Found a blossoming altar of Fedhas.
Marking area around an oklob plant as unsafe for travelling.
You see here a +0 dagger of venom.
A komodo dragon comes into view.
A komodo dragon is nearby!
A komodo dragon is nearby!
The komodo dragon hisses angrily.
Found a leather armour.
The komodo dragon bites you!
You closely miss the komodo dragon. The komodo dragon bites you!! x2
You thump the komodo dragon!
The komodo dragon is moderately wounded.
The komodo dragon bites you!!
You barely miss the komodo dragon.
The komodo dragon is moderately wounded.
The komodo dragon bites you. The komodo dragon bites you!
You impale the komodo dragon!!
The komodo dragon is almost dead.
The komodo dragon barely misses you.
You barely miss the komodo dragon.
The komodo dragon is almost dead.
The komodo dragon bites you!!
* * * LOW HITPOINT WARNING * * *
You closely miss the komodo dragon.
The komodo dragon is almost dead.
The komodo dragon barely misses you. The komodo dragon bites you!!
You die...

#...)........####
#..######+.
.=.......#
#..+.......
###.....#
#..........
##....#
P..#.......
##....#
##..........
#.....#
#..P.......
##....# #.......
#....##.###
........ ##
#...@......
#..##### ..
#....l..... ...
.. #...........
... ..
##.......... ...
.. ....###.####
... .. ....[ ##
... .. ..... ...
#. ### #


You could see a komodo dragon.

Vanquished Creatures
  Erica (D:9)
  2 two-headed ogres (D:9)
  2 oklob plants (D:10)
  A cyclops (D:8)
  A komodo dragon (Lair:1)
  3 trolls
  A wyvern (D:10)
  A steam dragon (D:8)
  2 wraiths (D:10)
  3 vampire mosquitoes (D:10)
  An acid dragon (D:10)
  3 water moccasins
  An orc warrior (D:8)
  A necrophage (D:5)
  2 sky beasts
  An ogre (D:5)
  3 wolves
  6 centaurs
  2 gnoll sergeants
  3 elf zombies (Ossuary)
  2 bullfrogs
  A scorpion (D:3)
  A water moccasin zombie (D:6)
  4 wights (D:7)
  6 howler monkeys
  A bullfrog zombie (D:7)
  6 centaur zombies
  2 jellies
  2 centaur skeletons (D:7)
  A gnoll shaman (D:6)
  5 human zombies (Ossuary)
  3 orc priests
  A bullfrog skeleton (D:5)
  An iguana (D:6)
  4 orc wizards
  A killer bee zombie (D:8)
  3 mummies (Ossuary)
  7 adders
  9 gnolls
  A shadow imp (D:6)
  A white imp (D:5)
  An ufetubus (D:5)
  A worm (D:3)
  A dart slug (D:4)
  10 orcs
  8 ball pythons (D:3)
  6 bats
  7 endoplasms
  3 giant cockroaches
  4 hobgoblins
  A quokka (D:3)
  2 frilled lizards (D:1)
  2 goblins
  4 kobolds
  A quokka zombie (D:4)
  3 rats
  A rat zombie (D:4)
157 creatures vanquished.

Vanquished Creatures (others)
  10 plants (D:10)
10 creatures vanquished.

Grand Total: 167 creatures vanquished

Notes
Turn   | Place    | Note
-------+----------+-------------------------------------------
     0 | D:1      | enile the Ogre Air Elementalist began the quest for the
                  | Orb.
     0 | D:1      | Reached XP level 1. HP: 16/16 MP: 3/3
   236 | D:1      | Reached skill level 1 in Fighting
   296 | D:1      | Reached skill level 2 in Fighting
   296 | D:1      | Reached XP level 2. HP: 28/28 MP: 0/5
   892 | D:1      | Found a faded altar of an unknown god.
  1075 | D:1      | Prayed at the altar of an unknown god.
  1075 | D:1      | Became a worshipper of Trog the Wrathful
  1075 | D:1      | Reached * piety under Trog
  1547 | D:2      | Reached skill level 3 in Fighting
  2000 | D:3      | Reached XP level 3. HP: 37/37 MP: 6/6
  2096 | D:3      | Reached skill level 4 in Fighting
  2190 | D:3      | Reached XP level 4. HP: 46/49 MP: 7/7
  2226 | D:3      | Reached ** piety under Trog
  2376 | D:3      | Reached skill level 5 in Fighting
  2724 | D:4      | Found a glowing silver altar of Zin.
  2814 | D:4      | Found a sand-covered staircase.
  2822 | Ossuary  | Entered an ossuary
  2935 | Ossuary  | Reached skill level 6 in Fighting
  2935 | Ossuary  | Reached XP level 5. HP: 42/59 MP: 8/8
  2953 | Ossuary  | Reached skill level 1 in Polearms
  2979 | Ossuary  | Gained mutation: You are robust. (+10% HP) [potion of
                  | mutation]
  2979 | Ossuary  | Gained mutation: You are dopey. (Int -2) [potion of
                  | mutation]
  2979 | Ossuary  | Lost mutation: You are dopey. (Int -2) [potion of mutation]
  2979 | Ossuary  | Gained mutation: Your flesh is cold resistant. (rC+)
                  | [potion of mutation]
  2994 | Ossuary  | Reached XP level 6. HP: 27/73 MP: 9/9
  3349 | Ossuary  | Reached skill level 7 in Fighting
  3379 | Ossuary  | HP: 3/79 [elf zombie (6)]
  3701 | Ossuary  | Reached XP level 7. HP: 80/86 MP: 10/10
  3727 | Ossuary  | Reached skill level 8 in Fighting
  4724 | D:5      | Entered Level 5 of the Dungeon
  4726 | D:5      | Noticed a troll
  5163 | D:5      | Reached skill level 9 in Fighting
  5349 | D:5      | Reached XP level 8. HP: 101/101 MP: 11/11
  5590 | D:5      | Reached skill level 10 in Fighting
  5800 | D:5      | Found an ornate altar of the Wu Jian Council.
  5999 | D:6      | Reached skill level 5 in Polearms
  6014 | D:6      | Reached skill level 1 in Throwing
  6358 | D:6      | Found a hazy altar of Hepliaklqana.
  6392 | D:6      | Found Ruwunaj's Jewellery Boutique.
  6504 | D:6      | Found a sacrificial altar of Ru.
  6939 | D:6      | Reached skill level 11 in Fighting
  7584 | D:7      | Reached XP level 9. HP: 98/116 MP: 12/12
  7652 | D:7      | Found a staircase to the Ecumenical Temple.
  7718 | D:7      | Found an ancient bone altar of Kikubaaqudgha.
  7853 | D:7      | Reached skill level 12 in Fighting
  8981 | D:8      | Noticed Grum
  9400 | D:7      | HP: 7/156 [wolf[Grum] (7)]
 10955 | D:8      | Found a runed translucent gate.
 10956 | D:8      | Found a runed translucent gate.
 10956 | D:8      | Found a runed translucent gate.
 11160 | D:8      | Noticed a cyclops
 11542 | D:9      | Noticed a troll
 11968 | D:8      | Killed a cyclops
 11969 | D:8      | Reached skill level 13 in Fighting
 11969 | D:8      | Reached skill level 1 in Evocations
 12485 | D:8      | Found a runed translucent door.
 12894 | D:8      | Noticed TrogsFancyHat's ghost (novice OpEE)
 12934 | D:9      | Killed a troll
 12935 | D:9      | Reached XP level 10. HP: 129/130 MP: 13/13
 13196 | D:9      | Noticed a two-headed ogre
 13239 | D:9      | Noticed a two-headed ogre
 13270 | D:9      | Found a sparkling altar of Nemelex Xobeh.
 13370 | D:9      | Killed a two-headed ogre
 13600 | D:9      | Noticed Erica
 14291 | D:9      | Reached skill level 1 in Maces & Flails
 14322 | D:9      | Noticed a two-headed ogre
 14334 | D:9      | Killed a two-headed ogre
 14922 | D:9      | Killed Erica
 15162 | D:10     | Entered Level 10 of the Dungeon
 15167 | D:10     | Reached skill level 5 in Maces & Flails
 15225 | D:10     | Noticed an oklob plant
 15669 | D:10     | Reached XP level 11. HP: 135/140 MP: 14/14
 15884 | D:10     | Reached skill level 14 in Fighting
 16051 | D:10     | Found Dil Lyegy's Antique Weapon Emporium.
 16072 | D:10     | Found a staircase to the Lair.
 16072 | D:10     | Noticed an oklob plant
 16138 | D:10     | Found a faded altar of an unknown god.
 16144 | D:10     | Found a bloodstained altar of Trog.
 16146 | D:10     | Found a faded altar of an unknown god.
 16148 | D:10     | Found a shimmering altar of Xom.
 16151 | D:10     | Found an iron altar of Okawaru.
 16204 | D:10     | Found a shimmering blue altar of Sif Muna.
 16508 | D:10     | Killed an oklob plant
 16581 | D:10     | Killed an oklob plant
 16602 | Lair:1   | Entered Level 1 of the Lair of Beasts
 16832 | Lair:1   | Found a shadowy altar of Dithmenos.
 16855 | Lair:1   | Found a blossoming altar of Fedhas.
 16855 | Lair:1   | Noticed an oklob plant
 16911 | Lair:1   | Slain by a komodo dragon

Illustrated notes

Levels and vault maps discovered:
D:1:      shiori_arrival_whats_in_store_for_you, layout_basic,
          dreamdust_ecumenical_altar_hidden_monk_grotto,
          chequers_serial_rivers_micro_a
D:2:      layout_basic
D:3:      layout_rooms, minmay_snake_closets
D:4:      layout_gridville, zin_statuary, enter_ossuary_4, serial_bayou_crossing
D:5:      nicolae_cairo_tiling_large, layout_basic,
          mainiacjoe_overflow_six_doors_small, lemuel_doored_altar,
          ebering_ghost_reflecting_pool
D:6:      layout_cave_pools, overflow_temple_1_default,
          worldfamousw_hep_ancestral_shrine, serial_shops, nicolae_shop_trees
D:7:      layout_basic, mainiacjoe_overflow_chevrons,
          minmay_temple_entry_statues_pillars
D:8:      layout_basic, ebering_ghost_rock_garden, hangedman_decor_points,
          lightli_church_of_beogh, uniq_grum
D:9:      layout_roguey, nicolae_overflow_crystal_walls,
          minmay_misc_feat_hallway, uniq_erica
D:10:     layout_long_grid, mainiacjoe_overflow_small_starburst,
          chequers_temple_overflow_minitemple, dpeg_oklobed_lair, serial_shops,
          shop, minmay_fractal_squares_gapless_5
Lair:1:   layout_chaotic_city, basic_altar, lemuel_oklob_altar

Skill      XL: |  1  2  3  4  5  6  7  8  9 10 11 |
---------------+----------------------------------+-----
Fighting       | 2 3 4 6 7 9 11 13 14 | 14.0
Dodging        | 2 3 |  3.0
Polearms       | 2 3 4 5 7 |  7.0
Throwing       | 2 3 |  3.0
Stealth        | 4 |  4.0
Evocations     | 3 |  3.0
Maces & Flails | 6 7 |  7.0
Armour         | 3 |  3.3
Spellcasting   | |  2.4
Conjurations   | |  0.8
Air Magic      | |  2.6

Action                   |  1- 3 |  4- 6 |  7- 9 | 10-12 || total
-------------------------+-------+-------+-------+-------++-------
Melee: Spear             |    74 |   181 |   434 |     6 ||   695
       Punch             |     1 |     3 |     2 |     1 ||     7
       Giant spiked club |       |       |       |   124 ||   124
Throw: Boomerang         |       |       |     9 |     3 ||    12
       Dart              |       |       |     4 |     2 ||     6
 Cast: Shock             |    17 |       |       |       ||    17
Invok: Trog's Hand       |       |     4 |     3 |       ||     7
       Berserk           |       |     2 |    11 |     4 ||    17
Evoke: Wand              |       |       |     6 |     1 ||     7
  Use: Potion            |       |     2 |     5 |       ||     7
       Scroll            |       |       |    19 |     4 ||    23
 Stab: Sleeping          |     8 |     4 |     2 |     6 ||    20
       Distracted        |       |       |     1 |     1 ||     2
Armor: Robe              |    24 |    31 |    57 |     7 ||   119
       Skin              |       |       |    14 |       ||    14
       Troll leather arm |       |       |       |    44 ||    44
Dodge: Dodged            |    32 |    70 |   170 |   104 ||   376

Table legend: (Time is in decaauts)
 A = Elapsed time spent in this place.
 B = Non-inter-level travel time spent in this place.
 C = Inter-level travel time spent in this place.
 D = Time resting spent in this place.
 E = Time spent auto-exploring this place.
 F = Levels seen in this place.
 G = Mean time per level.
                   A        B        C        D        E       F      G
               +--------+--------+--------+--------+--------+-----+--------+
         Total |  17087 |  16752 |    335 |   3363 |  10672 |  12 | 1423.9 |
       Dungeon |  15437 |  15102 |    335 |   2717 |  10058 |  10 | 1543.7 |
          Lair |    317 |    317 |      0 |      0 |    247 |   1 |  317.0 |
       Ossuary |   1332 |   1332 |      0 |    646 |    367 |   1 | 1332.0 |
               +--------+--------+--------+--------+--------+-----+--------+

Top non-repeatable levels by time:
     D:8: 2981 daAuts
     D:7: 2953 daAuts
     D:9: 1810 daAuts
     D:6: 1583 daAuts
    D:10: 1486 daAuts
 Ossuary: 1332 daAuts
     D:1: 1290 daAuts
     D:4: 959 daAuts
     D:3: 911 daAuts
     D:5: 806 daAuts
     D:2: 653 daAuts
  Lair:1: 317 daAuts
